 Dungeon Crawl Stone Soup version 0.32-a0-893-gf85d74f360 (webtiles) character file.

Game seed: 13729706815213705358

18 GiantSquids the Shooter (level 2, 22/22 HPs)
             Began as a Coglin Hunter on Apr 3, 2024.
             Was a Plaything of Xom.
             Quit the game on level 1 of the Dungeon.
             The game lasted 00:00:55 (474 turns).

GiantSquids the Shooter (Coglin Hunter)              Turns: 474, Time: 00:00:55

Health: 22/22      AC:  5    Str: 11    XL:     2   Next: 70%
Magic:  2/2        EV: 11    Int:  8    God:    Xom [..*...]
Gold:   12         SH:  0    Dex: 17    Spells: 1/1 levels left

rFire   . . .        a - +2 sling {Manveen}
rCold   . . .        d - +0 sling {Guillermo}
rNeg    . . .        c - +0 leather armour
rPois   .            h - +0 helmet
rElec   .            (no cloak)
rCorr   .            (no gloves)
SInv    .            j - +0 pair of boots
Will    .....        (amulet unavailable)
Stlth   ++           (ring unavailable)
HPRegen 0.23/turn    (ring unavailable)
MPRegen 0.08/turn    (no gizmo)

%: no passive effects
@: no status effects
A: off-hand wielding, slow wielding, warmup strikes, no jewellery
a: Invent Gizmo, Renounce Religion


You were on level 1 of the Dungeon.
You worshipped Xom.
You were a toy of Xom.
You visited 1 branch of the dungeon, and saw 1 of its levels.

You collected 12 gold pieces.

Inventory:

Hand Weapons
 a - a +2 sling (weapon) {Manveen}
 d - a +0 sling (offhand) {Guillermo}
Armour
 c - a +0 leather armour (worn)
 h - a +0 helmet (worn)
 j - a +0 pair of boots (worn)
Scrolls
 b - a scroll of butterflies
 g - a scroll of identify {unknown}
 i - a scroll of blinking {unknown}
 k - a scroll of enchant armour {unknown}
Potions
 e - a potion of degeneration {unknown}
 f - a potion of curing {unknown}


   Skills:
 - Level 2.0 Fighting
 + Level 4.3 Ranged Weapons
 - Level 1.7 Dodging
 - Level 0.7 Stealth


You had one spell level left.
You didn't know any spells.
Your spell library was empty.

Dungeon Overview and Level Annotations

Branches:
Dungeon (1/15)

Altars:
Xom


Innate Abilities, Weirdness & Mutations

You can wield a second weapon in your off-hand.
It takes a long time for you to wield or remove held weapons.
Your first few attacks do less damage.
You cannot equip rings or amulets.


Message History

You shoot a sling bullet. The sling bullet hits the dart slug.
The dart slug is severely wounded.
You shoot a sling bullet. The sling bullet hits the dart slug.
You kill the dart slug!
You now have 12 gold pieces.
A quokka comes into view.
Found a faded altar of an unknown god.
You shoot a sling bullet. The sling bullet hits the quokka.
The quokka is heavily wounded.
You shoot a sling bullet.
The sling bullet hits the quokka but does no damage.
The quokka is heavily wounded.
The quokka twitches its whiskers.
You shoot a sling bullet. The sling bullet hits the quokka.
The quokka is severely wounded.
You shoot a sling bullet. The sling bullet hits the quokka!
You kill the quokka!
No target in view!
There is a faded altar of an unknown god here.
This altar belongs to (a) Hepliaklqana, (b) Xom or (c) Elyvilon, but you can't tell which.
Press the corresponding letter to learn more about a god, or press enter to convert or escape to cancel.
Okay, then.
k - a scroll labelled FANAUH URHOCVA A kobold and a bat come into view.
You shoot a sling bullet. The sling bullet hits the kobold.
You kill the kobold!
You shoot a sling bullet. The sling bullet hits the bat.
You kill the bat!
No target in view!
No target in view!
No target in view!
There is a faded altar of an unknown god here.
This altar belongs to (a) Hepliaklqana, (b) Xom or (c) Elyvilon, but you can't tell which.
Press the corresponding letter to learn more about a god, or press enter to convert or escape to cancel.
Xom accepts your prayer! Xom welcomes you!
Xom is very interested.
Saving game... please wait.
Welcome back, GiantSquids the Coglin Hunter.
Xom titters.
Press ? for a list of commands and other information.
Are you sure you want to abandon this character and quit the game? (Confirm with "yes".)

#.######..)######.......#
#.#..# #.####.....#####.#
#....# #.###.#####.## #.#
###.## #.##.#.....#.###.#
###.# ..#......†..#.##.#
....# ##.#.........#.#.#
##.#...# #...........#..#
#>.)....#.....≈≈....#..#
#######.#....≈.@≈......#
#.#.....≈≈....#.##
#)#...........#.#
#.#.........#.##
#..........#.##
#.#.#.....#.## #
#..#####.## #.#.....##
#.##.#.####


There were no monsters in sight!

Vanquished Creatures
  2 dart slugs (D:1)
  3 ball pythons (D:1)
  3 goblins (D:1)
  A quokka (D:1)
  2 bats (D:1)
  A frilled lizard (D:1)
  2 kobolds (D:1)
14 creatures vanquished.

Notes
Turn   | Place    | Note
-------+----------+-------------------------------------------
     0 | D:1      | GiantSquids the Coglin Hunter began the quest for the Orb.
     0 | D:1      | Reached XP level 1. HP: 16/16 MP: 1/1
   335 | D:1      | Reached skill level 4 in Ranged Weapons
   335 | D:1      | Reached XP level 2. HP: 22/22 MP: 2/2
   405 | D:1      | Found a faded altar of an unknown god.
   473 | D:1      | Prayed at the altar of an unknown god.
   473 | D:1      | Became a worshipper of Xom of Chaos
   474 | D:1      | Quit the game

Illustrated notes

Levels and vault maps discovered:
D:1:      enne_arrival_octagon_isle, layout_basic,
          shapermc_ecumenical_altar_starsandcircs, minmay_misc_feat_chi

Skill      XL: |  1 |
---------------+----+-----
Ranged Weapons | 4 |  4.3
Fighting       | |  2.0
Dodging        | |  1.7
Stealth        | |  0.7

Action                     || total
---------------------------++-------
   Fire: Sling             ||    44
 Armour: Leather armour    ||     1
  Dodge: Dodged            ||     1

Table legend: (Time is in decaauts)
 A = Elapsed time spent in this place.
 B = Non-inter-level travel time spent in this place.
 C = Inter-level travel time spent in this place.
 D = Time resting spent in this place.
 E = Time spent auto-exploring this place.
 F = Levels seen in this place.
 G = Mean time per level.
                   A        B        C        D        E       F      G
               +--------+--------+--------+--------+--------+-----+--------+
         Total |    479 |    419 |     60 |      0 |    339 |   1 |  479.0 |
       Dungeon |    479 |    419 |     60 |      0 |    339 |   1 |  479.0 |
               +--------+--------+--------+--------+--------+-----+--------+

Top non-repeatable levels by time:
     D:1: 479 daAuts
